AoeStats
← Roronoa Yolo

Nomad

510620570Analyzed
3v3 RM · 1d ago on Oct 1, 2026· 41m 20s· 6 players
Game mode
Random Map
Map size
210×210
Population
200
Speed
Normal
Resources
Standard
Victory
Conquest
Starting age
Dark Age
Ending age
Imperial Age
RankedLock teamsTeams togetherTeam positionsShared explorationLock speedFull tech treeHidden civsTurbo modeCheats
Victory
Defeat
🇨🇿 Saxons · Czechia
1816
+12
🇨🇿 Bohemians · Czechia
1704
+16
🇨🇿 Poles · Czechia
1677
+17
🇫🇷 Japanese · France
1762
-17
🇫🇷 Dravidians · France
1721
-15
🇫🇷 Chinese · France
1653
-13
Beauvéro
5:12 Loom
12:55 Feudal Age
16:41 Castle Age
15:21 Double-Bit Axe
17:36 Medium Warships
17:48 Bow Saw
21:19 Fletching
22:06 Gold Mining
32:01 Horse Collar
35:00 Scale Mail Armor
35:45 Squires
36:22 Chain Mail Armor
37:09 Forging
Roronoa Yolo
2:57 Loom
12:58 Feudal Age
16:52 Castle Age
18:02 Fletching
19:34 Double-Bit Axe
20:44 Bodkin Arrow
22:59 Gold Mining
23:22 Bow Saw
33:18 Imperial Age
34:15 Ballistics
36:28 Bracer
guimbo
9:49 Loom
12:30 Feudal Age
16:31 Castle Age
16:25 Town Watch
22:32 Double-Bit Axe
24:19 Bow Saw
24:25 Gold Mining
24:48 Scale Mail Armor
30:09 Horse Collar
pren
4:27 Loom
14:14 Feudal Age
14:46 Double-Bit Axe
14:43 Fishing Lines
18:23 Castle Age
16:24 Gold Mining
19:16 Medium Warships
19:18 Bow Saw
20:31 Gillnets
22:22 Fletching
23:23 Horse Collar
25:12 Wheelbarrow
24:23 Town Watch
26:13 Stone Mining
27:56 Scale Mail Armor
27:18 Man-at-Arms
32:09 Imperial Age
30:37 Chain Mail Armor
30:31 Squires
30:16 Arson
30:48 Masonry
33:01 Hand Cart
33:51 Plate Mail Armor
33:22 Heavy Plow
34:39 Forging
35:20 Elite Varangian Guard
36:05 Shield Wall
39:38 Iron Casting
39:54 Coinage
41:29 Ballistics
41:06 Bodkin Arrow
Vormit
4:56 Loom
13:17 Feudal Age
14:25 Double-Bit Axe
19:23 Castle Age
19:01 Padded Archer Armor
18:53 Fletching
22:11 Chemistry
30:04 Horse Collar
36:12 Wheelbarrow
Voskarius
11:19 Loom
13:16 Feudal Age
15:10 Town Watch
20:38 Castle Age
19:52 Fishing Lines
24:40 Fletching
27:03 Horse Collar
29:34 Double-Bit Axe
33:47 Imperial Age
32:41 Bodkin Arrow
33:23 Scale Barding Armor
33:49 Forging
33:30 Light Cavalry
35:06 Bloodlines
36:40 Chain Barding Armor
38:17 Iron Casting
37:44 Husbandry
39:55 Winged Hussar
41:10 Gold Mining
42:35 Blast Furnace
Connection lost

Rejoining the realm…

Still unreachable

The connection could not be restored.

Session expired

The server has moved on; the page needs a fresh start.